Map: 트라이튼 - 래더

Players

lllllllllll (sOs)

  • Race: Protoss Protoss
  • League: Grandmaster
  • Spawn Location: 11:00

TSGTYTY (TY) - Winner!

  • Race: Terran Terran
  • League: Grandmaster
  • Spawn Location: 5:00

VOD

Have the link to the VOD?

Description

Time

  • Played on: Jan. 9, 2020, 4:16 a.m.
  • Length: 8:58
Show
View Real Time Build Order
Export as new Build Order

lllllllllll Protoss 

Build Orders: 1 Gate Expand 

Get SALT Encoding   

  12  0:00  Probe  
  13  0:12  Probe  
  14  0:17  Pylon  
  14  0:25  Probe (Chrono Boost)  
  16  0:36  Gateway  
  16  0:37  Probe (Chrono Boost)  
  16  0:43  Probe (Chrono Boost)  
  16  0:45  Assimilator  
  17  0:51  Probe  
  18  1:03  Probe  
  19  1:15  Probe  
  20  1:24  Cybernetics Core  
  20  1:32  Nexus  
  20  1:35  Probe  
  21  1:41  Pylon  
  22  1:47  Probe  
  22  1:52  Assimilator  
  22  1:57  Adept (Chrono Boost)  
  22  1:58  Warp Gate (Chrono Boost)  
  22  1:59  Probe  
  25  2:11  Probe  
  26  2:19  Adept  
  28  2:23  Probe  
  29  2:31  Gateway  
  29  2:34  Gateway  
  30  2:38  Probe (Chrono Boost)  
  30  2:45  Probe (Chrono Boost)  
  30  2:49  Adept  
  34  2:54  Probe x2 (Chrono Boost)  
  35  2:59  Probe (Chrono Boost)  
  35  3:01  Probe  
  37  3:12  Probe  
  38  3:13  Probe  
  38  3:15  Pylon  
  38  3:18  Shield Battery  
  39  3:27  Probe x2  
  39  3:32  Pylon  
  41  3:39  Stalker x3  
  47  3:43  Pylon  
  47  3:49  Robotics Facility  
  47  3:53  Probe x2  
  49  4:06  Stalker x3  
  55  4:11  Probe x2  
  57  4:23  Probe  
  57  4:24  Probe  
  58  4:26  Twilight Council  
  55  4:35  Stalker x2  
  55  4:36  Probe x2  
  59  4:45  Stalker  
  56  4:46  Observer  
  56  4:50  Probe x2  
  58  5:02  Probe x2  
  58  5:04  Resonating Glaives  
  60  5:11  Gateway  
  60  5:12  Gateway  
  60  5:15  Gateway  
  60  5:27  Nexus  
  60  5:32  Observer  
  60  5:35  Pylon  
  60  5:37  Probe x2  
  61  5:45  Adept x3  
  61  5:49  Probe x2  
  69  6:01  Probe (Chrono Boost)  
  67  6:06  Probe (Chrono Boost), Stalker x3  
  74  6:12  Probe (Chrono Boost)  
  74  6:13  Observer  
  74  6:16  Probe (Chrono Boost)  
  76  6:20  Probe (Chrono Boost)  
  76  6:22  Warp Prism  
  78  6:36  Pylon  
  78  6:38  Forge  
  78  6:39  Probe (Chrono Boost)  
  79  6:42  Probe x2 (Chrono Boost)  
  80  6:50  Probe (Chrono Boost), Sentry, Zealot x3  
  80  6:51  Probe x2 (Chrono Boost)  
  80  6:53  Observer  
  91  6:55  Probe (Chrono Boost)  
  91  6:57  Pylon, Zealot  
  95  7:05  Gateway  
  95  7:07  Charge (Chrono Boost)  
  95  7:10  Gateway  
  95  7:11  Pylon  
  95  7:18  Zealot x4  
  103  7:25  Pylon  
  103  7:28  Zealot x2  
  107  7:32  Pylon  
  107  7:39  Zealot x3  
  111  7:44  Adept  
  113  7:52  Zealot x2  
  111  8:03  Adept x4  
  113  8:07  Adept x3  
  113  8:08  Adept  
  113  8:13  Pylon  
  113  8:15  Adept x2  
  113  8:16  Probe x3  
  63  8:28  Adept x4  
  63  8:31  Probe x3  
  44  8:42  Zealot x2  
  47  8:49  Adept x2  
Show
View Real Time Build Order
Export as new Build Order

TSGTYTY Terran - Winner!

Build Orders:  

Get SALT Encoding   

  12  0:00  SCV  
  13  0:12  SCV  
  14  0:17  Supply Depot  
  14  0:25  SCV  
  15  0:39  SCV  
  15  0:40  Barracks  
  16  0:42  Refinery  
  16  0:51  SCV  
  17  1:03  SCV  
  18  1:15  SCV  
  19  1:27  Marine  
  19  1:28  Orbital Command  
  20  1:45  Command Center  
  20  1:52  Factory  
  20  1:55  SCV  
  21  2:03  Barracks Reactor  
  21  2:09  Supply Depot  
  21  2:10  SCV  
  22  2:22  SCV  
  23  2:34  SCV  
  23  2:36  Hellion  
  26  2:39  Marine  
  26  2:40  Marine  
  26  2:42  Starport  
  28  2:46  SCV  
  29  2:57  Orbital Command  
  29  2:58  SCV  
  34  3:10  SCV  
  34  3:12  Refinery  
  31  3:15  Marine x2  
  31  3:18  Viking  
  31  3:19  Factory Tech Lab  
  35  3:22  SCV  
  35  3:23  SCV  
  37  3:32  Supply Depot  
  37  3:33  Marine x2  
  39  3:34  SCV  
  39  3:35  SCV  
  41  3:45  Supply Depot  
  41  3:46  SCV  
  41  3:48  SCV  
  43  3:49  Siege Tank  
  43  3:54  Marine x2  
  48  3:59  SCV  
  48  4:00  SCV, Supply Depot  
  47  4:11  SCV  
  47  4:12  Marine, SCV  
  47  4:13  Marine  
  51  4:21  Siege Tank  
  51  4:23  SCV  
  55  4:24  SCV  
  55  4:25  Liberator  
  55  4:29  Marine  
  55  4:31  Marine  
  54  4:35  SCV  
  54  4:36  SCV  
  52  4:47  SCV, Marine  
  52  4:48  SCV  
  52  4:52  Marine  
  56  4:59  SCV  
  57  5:00  Barracks  
  57  5:01  SCV, Barracks  
  57  5:07  Refinery  
  62  5:11  SCV  
  62  5:13  SCV  
  60  5:16  Stimpack, Engineering Bay  
  60  5:17  Marine  
  60  5:20  Factory Reactor, Supply Depot  
  60  5:21  Supply Depot  
  61  5:23  SCV  
  61  5:25  SCV  
  61  5:26  Refinery  
  63  5:34  Marine  
  64  5:35  SCV  
  64  5:37  SCV  
  64  5:42  Barracks x2  
  64  5:46  Terran Infantry Weapons Level 1  
  64  5:47  SCV  
  64  5:49  SCV  
  66  5:52  Marine, Starport  
  67  6:00  SCV, Marine x2  
  67  6:01  Marine, Factory Reactor  
  67  6:02  Marine, SCV  
  67  6:03  Bunker  
  72  6:08  Starport Reactor  
  72  6:12  Marine  
  72  6:17  Marine, Supply Depot  
  72  6:18  Marine  
  74  6:19  Marine x2, Supply Depot  
  74  6:24  Supply Depot  
  74  6:25  Supply Depot  
  77  6:26  SCV x2  
  77  6:28  Missile Turret  
  77  6:29  Supply Depot  
  77  6:30  Marine  
  77  6:32  Barracks Reactor  
  80  6:35  Reaper  
  80  6:36  Marine  
  80  6:37  Marine  
  83  6:42  Marine  
  83  6:44  Medivac x2  
  83  6:46  Factory Tech Lab  
  88  6:47  Marine  
  88  6:48  Marine, Medivac  
  88  6:52  Marine  
  88  6:54  Marine  
  93  6:56  Combat Shield  
  93  6:59  Marine  
  93  7:00  Marine  
  96  7:05  Marine  
  96  7:06  Marine, Siege Tank  
  96  7:08  Marine  
  102  7:09  Marine  
  102  7:11  Marine  
  102  7:12  Marine  
  102  7:14  Marine  
  106  7:20  Medivac x2  
  106  7:22  Marine  
  111  7:24  Marine x2  
  111  7:25  Marine  
  116  7:33  Marine x4  
  116  7:36  SCV  
  117  7:38  Marine  
  117  7:44  Marine x2  
  109  7:58  Marine  
  106  8:09  Marine, Medivac  
  106  8:10  Marine  
  107  8:14  Marine  
  107  8:17  Marine  
  94  8:20  SCV  
  94  8:21  Marine  
  94  8:25  Marine  
  87  8:29  Marine  
  77  8:39  Marine x2  
Tags
 
Add a new tag
Caveats
  • Supply blocks, unpowered buildings, or Contaminate may cause inaccurate times.
  • Supply counts are checked every 10 seconds.